 Dungeon Crawl Stone Soup version 0.32-a0-19-g28bc083 (webtiles) character file.

Game seed: 5130922061065771589

51 Dorkslayer the Ruffian (level 3, -3/23 HPs)
             Began as an Octopode Shapeshifter on Jan 17, 2024.
             Slain by an adder (4 damage)
             ... on level 2 of the Dungeon.
             The game lasted 00:01:48 (756 turns).

Dorkslayer the Ruffian (Octopode Shapeshifter)       Turns: 756, Time: 00:01:48

Health: -3/23      AC:  1    Str: 15    XL:     3   Next: 83%
Magic:  3/3        EV: 13    Int: 12    God:
Gold:   44         SH:  0    Dex: 11    Spells: 2/2 levels left

rFire   . . .        g - +0 hand axe
rCold   . . .        (no shield)
rNeg    . . .        (helmet currently unavailable)
rPois   .            (no amulet)
rElec   .            (no ring)
rCorr   .            (no ring)
SInv    .            (no ring)
Will    .....        (no ring)
Stlth   ++           (no ring)
HPRegen 0.23/turn    (no ring)
MPRegen 0.08/turn    (no ring)
                     (no ring)

%: no passive effects
@: brilliant, lethally poisoned (-3 -> -9), beast-form
A: beast (slay +1), almost no armour, amphibious, 8 rings, camouflage 1,
gelatinous body 1, (nimble swimmer 1), tentacles
a: Begin Untransformation


You were on level 2 of the Dungeon.
You were a hulking beast.
You visited 1 branch of the dungeon, and saw 2 of its levels.

You collected 44 gold pieces.

Inventory:

Hand Weapons
 g - a +0 hand axe (weapon)
 j - a +0 mace of holy wrath
Talismans
 b - a beast talisman
 c - a flux talisman
Scrolls
 d - a scroll of amnesia {unknown}
 e - 2 scrolls of identify {unknown}
 i - a scroll of silence {unknown}
 k - a scroll of poison {unknown}
Potions
 a - a potion of lignification
 h - a potion of mutation {unknown}
 l - a potion of might {unknown}


   Skills:
 + Level 1.1 Fighting
 + Level 0.2 Axes
 + Level 2.3 Dodging
 + Level 0.1 Stealth
 * Level 4.1 Unarmed Combat
 + Level 3.2 Shapeshifting


You had 2 spell levels left.
You didn't know any spells.
Your spell library contained the following spells:

 Spells                   Type           Power      Damage    Failure   Level
 Apportation              Tloc           0%         N/A       32%         1
 Necrotise                Necr           0%         1d4       32%         1
 Slow                     Hex            0%         N/A       32%         1
 Sting                    Conj/Alch      0%         1d3       32%         1
 Summon Small Mammal      Summ           0%         N/A       32%         1
 Ensorcelled Hibernation  Hex/Ice        0%         N/A       45%         2
 Confusing Touch          Hex            0%         N/A       69%         3
 Passwall                 Erth           0%         N/A       69%         3
 Sigil of Binding         Hex            0%         N/A       69%         3
 Swiftness                Air            0%         N/A       69%         3
 Vampiric Draining        Necr           0%         2d6       69%         3


Dungeon Overview and Level Annotations

Branches:
Dungeon (2/15)

Altars:


Innate Abilities, Weirdness & Mutations

You are a hulking beast.
Your limbs bulge with bestial killing power. (Slay +1)
You cannot wear most types of armour.
You are amphibious.
You can wear up to eight rings at the same time.
Your skin changes colour to match your surroundings (Stealth+).
Your rubbery body absorbs attacks. (AC +1, EV +1)
((You are camouflaged when in or above water. (Stealth+)))
You have tentacles for arms and can constrict up to eight enemies at once.


Message History

Found a stone staircase leading up.
There is a stone staircase leading up here.
A goblin comes into view. It is wielding a +0 club.
The goblin misses you.
You hit the goblin.
You kill the goblin!
Things that are here:
a +0 club; a +0 sling
Found a dagger.
Found a stone staircase leading down.
An adder comes into view.
The adder bites you.
You miss the adder. Your grab misses the adder. The adder closely misses you.
The adder bites you.
You are poisoned.
The adder poisons you!
You barely miss the adder. Your grab misses the adder.
You feel sick. The adder bites you.
You hit the adder. Your grab misses the adder.
The adder is lightly wounded.
You feel sick. The adder bites you.
You are more poisoned.
The adder poisons you! The adder bites you.
You miss the adder. Your grab misses the adder.
The adder is lightly wounded.
* * * LOW HITPOINT WARNING * * *
You feel sick. The adder barely misses you. x2
You miss the adder. Your grab misses the adder.
The adder is lightly wounded.
* * * LOW HITPOINT WARNING * * *
You feel sick. The adder bites you.
* * * LOW HITPOINT WARNING * * *
You are more poisoned.
The adder poisons you!
Okay, then.
It was a potion of brilliance.
You feel clever all of a sudden.
* * * LOW HITPOINT WARNING * * *
You feel sick. The adder closely misses you. The adder bites you.
You die...

###########
#...Sh....#
#.###.....# ##
#..##.###....
###.........#
....###.#####
........#
.###.....########
#.####.)>....# #
#.#####.#


You could see an adder.

Vanquished Creatures
  An adder (D:2)
  A ribbon worm (D:2)
  A ball python (D:1)
  3 bats
  3 endoplasms (D:1)
  3 goblins
  3 hobgoblins
  3 jackals (D:2)
  3 quokkas
  2 frilled lizards (D:1)
  6 kobolds
  7 rats
36 creatures vanquished.

Notes
Turn   | Place    | Note
-------+----------+-------------------------------------------
     0 | D:1      | Dorkslayer the Octopode Shapeshifter began the quest for
                  | the Orb.
     0 | D:1      | Reached XP level 1. HP: 13/13 MP: 1/1
   127 | D:1      | Reached XP level 2. HP: 18/18 MP: 2/2
   286 | D:1      | Reached XP level 3. HP: 23/23 MP: 3/3
   433 | D:2      | Reached skill level 4 in Unarmed Combat
   756 | D:2      | HP: 1/23 [poisoned by an adder]
   756 | D:2      | Slain by an adder

Illustrated notes

Levels and vault maps discovered:
D:1:      minmay_arrival_checkered_box, layout_rooms
D:2:      layout_loops_cross, chequers_ecumenical_altar_simple_redux

Skill      XL: |  1  2  3 |
---------------+----------+-----
Unarmed Combat | 4 |  4.1
Fighting       | |  1.1
Axes           | |  0.2
Dodging        | |  2.3
Stealth        | |  0.1
Shapeshifting  | |  3.2

Action                     || total
---------------------------++-------
  Melee: Unarmed           ||    30
         Constrict         ||    14
         Tentacles         ||     8
         Hand axe          ||    31
    Use: Potion            ||     1
   Stab: Sleeping          ||     4
 Armour: Skin              ||    29
  Dodge: Dodged            ||    48

Table legend: (Time is in decaauts)
 A = Elapsed time spent in this place.
 B = Non-inter-level travel time spent in this place.
 C = Inter-level travel time spent in this place.
 D = Time resting spent in this place.
 E = Time spent auto-exploring this place.
 F = Levels seen in this place.
 G = Mean time per level.
                   A        B        C        D        E       F      G
               +--------+--------+--------+--------+--------+-----+--------+
         Total |    762 |    762 |      0 |      0 |    427 |   2 |  381.0 |
       Dungeon |    762 |    762 |      0 |      0 |    427 |   2 |  381.0 |
               +--------+--------+--------+--------+--------+-----+--------+

Top non-repeatable levels by time:
     D:2: 395 daAuts
     D:1: 367 daAuts
